 Dungeon Crawl Stone Soup version 0.32-a0-732-ga344392067 (webtiles) character file.

Game seed: 5186426072250192037

14850 gimp the Skirmisher (level 12, -3/86 HPs)
             Began as a Coglin Hunter on Mar 16, 2024.
             Was a High Priest of Okawaru.
             Slain by a manticore (7 damage)
             ... on level 11 of the Dungeon.
             The game lasted 00:24:58 (11189 turns).

gimp the Skirmisher (Coglin Hunter)                Turns: 11189, Time: 00:24:59

Health: -3/86      AC:  4    Str: 12    XL:     12   Next: 20%
Magic:  18/18      EV: 14    Int:  9    God:    Okawaru [*****.]
Gold:   183        SH:  0    Dex: 22    Spells: 11/11 levels left

rFire   . . .        a - +3 sling {Hua}
rCold   . . .        d - +0 sling {Bunsong}
rNeg    . . .        C - +0 troll leather armour
rPois   .            A - +0 helmet
rElec   .            (no cloak)
rCorr   .            (no gloves)
SInv    .            (no boots)
Will    .....        (amulet unavailable)
Stlth   ++           (ring unavailable)
HPRegen 1.14/turn    (ring unavailable)
MPRegen 0.16/turn    (no gizmo)

%: no passive effects
@: revved
A: off-hand wielding, slow wielding, warmup strikes, no jewellery
a: Invent Gizmo, Renounce Religion, Heroism, Finesse, Duel


You were on level 11 of the Dungeon.
You worshipped Okawaru.
Okawaru was extremely pleased with you.
You visited 2 branches of the dungeon, and saw 12 of its levels.

You collected 744 gold pieces.
You spent 561 gold pieces at shops.

Inventory:

Hand Weapons
 a - a +3 sling (weapon) {Hua}
 d - a +0 sling (offhand) {Bunsong}
Armour
 c - a +0 pair of gloves
 A - a +0 helmet (worn)
 C - a +0 troll leather armour (worn)
Wands
 n - a wand of warping (3)
 v - a wand of flame (34)
 y - a wand of polymorph (3)
 z - a wand of mindburst (12)
Scrolls
 b - a scroll of butterflies
 e - 3 scrolls of amnesia
 f - a scroll of immolation
 g - a scroll of revelation
 h - 3 scrolls of enchant weapon
 j - a scroll of blinking
 l - 3 scrolls of fear {unknown}
 m - 2 scrolls of enchant armour {unknown}
 q - 2 scrolls of poison {unknown}
 s - a scroll of noise
 B - a scroll of brand weapon {unknown}
Potions
 i - a potion of curing
 k - a potion of resistance {unknown}
 o - 2 potions of enlightenment
 r - 3 potions of attraction
 t - 2 potions of haste
 w - a potion of might


   Skills:
 - Level 5.0 Fighting
 - Level 14.0 Ranged Weapons
 + Level 5.8 Dodging
 - Level 0.7 Stealth
 + Level 8.6 Invocations


You had 11 spell levels left.
You didn't know any spells.
Your spell library contained the following spells:

 Spells                   Type           Power      Damage    Failure   Level
 Apportation              Tloc           0%         N/A       45%         1
 Foxfire                  Conj/Fire      0%         2x1d4     45%         1
 Magic Dart               Conj           0%         1d3       45%         1
 Sandblast                Erth           0%         2d4       45%         1
 Slow                     Hex            0%         N/A       45%         1
 Sting                    Conj/Alch      0%         1d3       45%         1
 Cigotuvi's Dreadful Rot  Necr/Alch/Air  0%         N/A       61%         2
 Jinxbite                 Hex            0%         N/A       61%         2
 Lesser Beckoning         Tloc           0%         N/A       61%         2
 Mercury Vapours          Alch/Air       0%         N/A       61%         2
 Searing Ray              Conj           0%         2d4       61%         2
 Confusing Touch          Hex            0%         N/A       83%         3
 Gell's Gravitas          Tloc           0%         N/A       83%         3
 Mephitic Cloud           Conj/Alch/Air  0%         N/A       83%         3
 Stone Arrow              Conj/Erth      0%         3d7       83%         3
 Teleport Other           Tloc           0%         N/A       83%         3
 Vampiric Draining        Necr           0%         2d6       83%         3
 Brom's Barrelling Bould  Conj/Erth      0%         2d3       99%         4
 Fulminant Prism          Conj/Alch      0%         3d5       99%         4
 Ignite Poison            Fire/Alch      0%         N/A       99%         4
 Leda's Liquefaction      Alch/Erth      0%         N/A       99%         4
 Olgreb's Toxic Radiance  Alch           0%         N/A       99%         4
 Petrify                  Alch/Erth      0%         N/A       99%         4
 Vhi's Electric Charge    Tloc/Air       0%         N/A       99%         4
 Alistair's Intoxication  Alch           0%         N/A       100%        5
 Arcjolt                  Conj/Air       0%         1d10      100%        5
 Freezing Cloud           Conj/Ice/Air   0%         6-21      100%        5
 Metabolic Englaciation   Hex/Ice        0%         N/A       100%        5
 Plasma Beam              Fire/Air       0%         2x1d10    100%        6
 Starburst                Conj/Fire      0%         6d3       100%        6


Dungeon Overview and Level Annotations

Branches:
Dungeon (11/15)            Temple (1/1) D:6            Lair (0/5) D:11
    Orc (0/2) D:10

Altars:
Ashenzari
Cheibriados
Dithmenos
Elyvilon
Fedhas
Gozag
Hepliaklqana
Kikubaaqudgha
Makhleb
Nemelex Xobeh
Okawaru
Qazlal
Ru
Sif Muna
Trog
Uskayaw
Vehumet
Wu Jian
Xom
Yredelemnul
Zin
The Shining One

Shops:
D:5 !   D:7 ?   D:9 !

Annotations:
D:4 3 runed translucent doors, exclusion: 3 doors, xfalz's ghost, amateur DrAl
D:5 1 exclusion
D:11 Snorg


Innate Abilities, Weirdness & Mutations

You can wield a second weapon in your off-hand.
It takes a long time for you to wield or remove held weapons.
Your first few attacks do less damage.
You cannot equip rings or amulets.


Message History

You shoot a sling bullet.
The sling bullet hits the howler monkey!
The howler monkey is almost dead.
The howler monkey closely misses you.
You shoot a sling bullet.
The sling bullet barely misses the howler monkey.
You shoot a sling bullet.
The sling bullet closely misses the howler monkey.
The howler monkey barely misses you. The howler monkey hits you.
You take 1 damage, and have 85/86 hp.
You shoot a sling bullet.
The sling bullet completely misses the howler monkey.
You shoot a sling bullet.
The sling bullet hits the howler monkey but does no damage.
The howler monkey is almost dead.
The howler monkey closely misses you.
The howler monkey hoots and howls with incredible vigour!
You hear an angry hiss. x4
Health restored: 86 You shoot a sling bullet.
The sling bullet hits the howler monkey.
You kill the howler monkey!
Okawaru accepts your kill.
You shoot a sling bullet.
The howler monkey hoots and howls with incredible vigour!
You hear an angry growl.
You shoot a sling bullet.
The sling bullet hits the howler monkey.
The howler monkey is moderately wounded.
You shoot a sling bullet.
The sling bullet closely misses the howler monkey.
The howler monkey barely misses you.
You shoot a sling bullet.
The sling bullet hits the howler monkey.
The howler monkey is heavily wounded.
You shoot a sling bullet.
The sling bullet hits the howler monkey.
The howler monkey is almost dead.
The howler monkey hits you!
The manticore flicks its tail.
The volley of spikes misses you.
You take 7 damage, and have 79/86 hp.
You shoot a sling bullet.
The sling bullet hits the howler monkey!
You kill the howler monkey!
Okawaru accepts your kill.
You shoot a sling bullet. You shoot a sling bullet.
The sling bullet hits the manticore.
The manticore is lightly wounded.
You shoot a sling bullet. The sling bullet hits the manticore.
The manticore is lightly wounded.
You shoot a sling bullet. The sling bullet hits the manticore!
The manticore is moderately wounded.
You shoot a sling bullet.
The sling bullet hits the manticore but does no damage.
The manticore is moderately wounded.
The manticore bites you!! The manticore claws you.
The manticore barely misses you.
You take 22 damage, and have 59/86 hp.
MASSIVE DAMAGE!!
You shoot a sling bullet.
The sling bullet hits the manticore but does no damage.
The manticore is moderately wounded.
You shoot a sling bullet. The sling bullet hits the manticore.
The manticore is moderately wounded.
The manticore barely misses you. x2; The manticore claws you.
You shoot a sling bullet. The sling bullet hits the manticore!
The manticore is heavily wounded.
You shoot a sling bullet.
The sling bullet barely misses the manticore.
You shoot a sling bullet. The sling bullet hits the manticore.
The manticore is severely wounded.
You shoot a sling bullet.
The sling bullet hits the manticore but does no damage.
The manticore is severely wounded.
The manticore bites you! The manticore misses you. The manticore claws you!
You take 20 damage, and have 39/86 hp.
MASSIVE DAMAGE!!
You are too injured to fight recklessly!
You are too injured to fight recklessly!
You are too injured to fight recklessly!
You shoot a sling bullet.
The sling bullet hits the manticore but does no damage.
The manticore is severely wounded.
You shoot a sling bullet. The sling bullet hits the manticore.
The manticore is severely wounded.
The manticore bites you! The manticore claws you! The manticore claws you.
* * * LOW HITPOINT WARNING * * *
You take 18 damage, and have 21/86 hp.
MASSIVE DAMAGE!!
You shoot a sling bullet.
The sling bullet closely misses the manticore.
You shoot a sling bullet.
The sling bullet closely misses the manticore.
The manticore barely misses you. The manticore completely misses you.
The manticore claws you!
* * * LOW HITPOINT WARNING * * *
You take 11 damage, and have 10/86 hp.
Okay, then.
You feel better. The manticore bites you!
* * * LOW HITPOINT WARNING * * *
The manticore misses you. The manticore claws you!
You die...

...)......# .........# ........+
....... ..... ... ##H# ####.@#
####....## #^...#### ######
##'########## .....#
#...........# ######
S....###...........# ###.....
h....#.+.>.........# #.'.....
..k.h..#...........#######.#.....
.....###...........'..<....#.....


You could see a manticore.

Vanquished Creatures
  2 hydras
  A catoblepas (D:9)
  A two-headed ogre (D:10)
  2 deep elf pyromancers (D:9)
  2 cyclopes
  2 unseen horrors
  Psyche (D:8)
  2 trolls (D:9)
  2 polar bears (D:10)
  2 hornets (D:9)
  4 slime creatures (D:9)
  Sigmund (D:3)
  2 wraiths
  A vampire (D:11)
  2 water elementals (D:9)
  2 wyverns
  7 yaks
  Eustachio (D:4)
  2 steam dragons
  Menkaure (D:4)
  2 acid dragons
  A two-headed ogre zombie (D:10)
  4 water moccasins
  2 orc warriors (D:9)
  2 ogres
  A sky beast (D:7)
  4 black bears
  3 phantoms
  2 kobold brigands
  4 centaurs
  3 bullfrogs
  A gnoll sergeant (D:10)
  2 scorpions (D:6)
  A troll zombie (D:10)
  22 wights
  3 howler monkeys (D:11)
  8 jellies
  7 orc priests
  A bombardier beetle (D:4)
  4 gnoll boudas
  4 hounds
  6 iguanas
  2 sleepcaps
  7 orc wizards
  Natasha (thrice) (D:2)
  5 ogre zombies (D:10)
  3 adders
  19 gnolls
  3 shadow imps
  3 white imps
  A dart slug (D:3)
  A ribbon worm (D:4)
  16 orcs
  10 endoplasms
  2 giant cockroaches
  2 gnoll zombies (D:10)
  9 goblins
  8 hobgoblins
  3 jackals (D:1)
  2 quokkas (D:3)
  3 ball pythons
  2 bats
  4 frilled lizards
  5 gnoll skeletons (D:10)
  11 kobolds
  17 orc zombies (D:10)
  2 rats
270 creatures vanquished.

Vanquished Creatures (others)
  An ogre zombie (D:10)
1 creature vanquished.

Grand Total: 271 creatures vanquished

Notes
Turn   | Place    | Note
-------+----------+-------------------------------------------
     0 | D:1      | gimp the Coglin Hunter began the quest for the Orb.
     0 | D:1      | Reached XP level 1. HP: 16/16 MP: 1/1
   138 | D:1      | Reached skill level 4 in Ranged Weapons
   138 | D:1      | Reached XP level 2. HP: 22/22 MP: 2/2
   823 | D:2      | Noticed Natasha
   824 | D:2      | Reached XP level 3. HP: 27/27 MP: 3/3
   825 | D:2      | Killed Natasha
   838 | D:2      | Noticed Natasha
   844 | D:2      | Killed Natasha
   845 | D:2      | Reached skill level 5 in Ranged Weapons
   845 | D:2      | Reached XP level 4. HP: 33/33 MP: 4/4
   979 | D:2      | Noticed Natasha
   989 | D:2      | Killed Natasha
  1549 | D:3      | Reached XP level 5. HP: 38/38 MP: 5/5
  1935 | D:3      | Noticed Sigmund
  1944 | D:3      | Killed Sigmund
  1945 | D:3      | Reached skill level 6 in Ranged Weapons
  1945 | D:3      | Reached XP level 6. HP: 44/44 MP: 6/6
  2611 | D:4      | Noticed Menkaure
  2635 | D:4      | Reached skill level 7 in Ranged Weapons
  2815 | D:4      | Killed Menkaure
  2816 | D:4      | Reached XP level 7. HP: 16/50 MP: 7/7
  2982 | D:4      | Noticed Eustachio
  3067 | D:4      | Killed Eustachio
  3068 | D:4      | Reached skill level 8 in Ranged Weapons
  3368 | D:4      | Found a runed translucent gate.
  3368 | D:4      | Found a runed translucent gate.
  3368 | D:4      | Found a runed translucent gate.
  3370 | D:4      | Noticed xfalz's ghost (amateur DrAl)
  3633 | D:5      | Entered Level 5 of the Dungeon
  3647 | D:5      | Reached skill level 9 in Ranged Weapons
  3647 | D:5      | Reached XP level 8. HP: 36/56 MP: 8/8
  4358 | D:5      | Found Gurph's Distillery.
  4361 | D:5      | Bought a potion of curing for 42 gold pieces
  4361 | D:5      | Bought a potion of heal wounds for 70 gold pieces
  4361 | D:5      | Bought a potion of haste for 140 gold pieces
  4502 | D:5      | Reached skill level 10 in Ranged Weapons
  5099 | D:6      | Reached XP level 9. HP: 38/61 MP: 9/9
  5103 | D:6      | Reached skill level 11 in Ranged Weapons
  5445 | D:6      | Found a staircase to the Ecumenical Temple.
  5476 | Temple   | Entered the Ecumenical Temple
  5484 | Temple   | Became a worshipper of Warmaster Okawaru
  5682 | D:6      | Reached skill level 1 in Invocations
  6009 | D:7      | Found a sacrificial altar of Ru.
  6037 | D:7      | Found a burning altar of Makhleb.
  6044 | D:7      | Found an ancient bone altar of Kikubaaqudgha.
  6102 | D:7      | Reached skill level 12 in Ranged Weapons
  6120 | D:7      | Reached * piety under Okawaru
  6232 | D:7      | Killed an unseen horror
  6384 | D:7      | Found an ornate altar of the Wu Jian Council.
  6386 | D:7      | Found a shadowy altar of Dithmenos.
  6387 | D:7      | Found a shimmering blue altar of Sif Muna.
  6426 | D:7      | Found Laeplieph's Magic Scroll Shop.
  6439 | D:7      | Bought a scroll of teleportation for 36 gold pieces
  6439 | D:7      | Bought a scroll of identify for 24 gold pieces
  6644 | D:7      | Reached XP level 10. HP: 67/67 MP: 12/12
  6682 | D:7      | Bought a scroll of identify for 24 gold pieces
  7098 | D:8      | Noticed Psyche
  7118 | D:8      | Killed Psyche
  7119 | D:8      | Reached skill level 13 in Ranged Weapons
  7917 | D:9      | Reached ** piety under Okawaru
  8132 | D:9      | Reached skill level 5 in Invocations
  8220 | D:9      | Noticed a cyclops
  8285 | D:9      | Noticed a catoblepas
  8318 | D:9      | Killed a catoblepas
  8318 | D:9      | Reached *** piety under Okawaru
  8319 | D:9      | Reached skill level 14 in Ranged Weapons
  8319 | D:9      | Reached XP level 11. HP: 45/72 MP: 13/15
  8461 | D:9      | Found a white marble altar of Elyvilon.
  8667 | D:9      | Killed a cyclops
  9124 | D:9      | Noticed a six-headed hydra
  9439 | D:9      | Killed a six-headed hydra
  9475 | D:9      | Found Wuadgh's Distillery.
  9486 | D:9      | Noticed a deep elf pyromancer
  9496 | D:9      | Killed a deep elf pyromancer
  9506 | D:9      | Bought 2 potions of heal wounds for 150 gold pieces
  9506 | D:9      | Bought a potion of heal wounds for 75 gold pieces
  9510 | D:9      | Noticed a deep elf pyromancer
  9540 | D:9      | Killed a deep elf pyromancer
  9541 | D:9      | Reached skill level 5 in Fighting
  9547 | D:9      | Reached **** piety under Okawaru
  9802 | D:10     | Entered Level 10 of the Dungeon
 10087 | D:10     | Found a bloodstained altar of Trog.
 10137 | D:10     | Noticed a two-headed ogre
 10233 | D:10     | Killed a two-headed ogre
 10233 | D:10     | Reached ***** piety under Okawaru
 10313 | D:10     | Received a gift from Okawaru
 10313 | D:10     | Noticed a cyclops
 10329 | D:10     | Killed a cyclops
 10350 | D:10     | Noticed a five-headed hydra
 10385 | D:10     | Killed a five-headed hydra
 10386 | D:10     | Reached skill level 5 in Dodging
 10386 | D:10     | Reached XP level 12. HP: 86/86 MP: 18/18
 10597 | D:10     | Found a staircase to the Orcish Mines.
 10888 | D:11     | Noticed Snorg
 10894 | D:11     | Snorg changed into Snorg the death drake
 10894 | D:11     | Noticed Snorg
 10898 | D:11     | Found a staircase to the Lair.
 11189 | D:11     | HP: 4/86 [manticore (16)]
 11189 | D:11     | Slain by a manticore

Illustrated notes

Levels and vault maps discovered:
D:1:      minmay_arrival_plants_in_alcoves, layout_basic,
          kennysheep_pointless_box, minmay_misc_feat_x, minmay_misc_feat_five
D:2:      layout_basic, grunt_ministairs_11, minmay_misc_feat_ornament,
          uniq_natasha
D:3:      kennysheep_big_flooded_room, layout_basic, uniq_sigmund
D:4:      layout_cave_pools, gammafunk_ghost_nasty_kobolds, uniq_eustachio,
          uniq_menkaure
D:5:      cheibrodos_two_vegetables, layout_basic, serial_shops,
          kennysheep_mini_moat
D:6:      layout_basic, minmay_temple_entry_glass,
          chequers_hall_statues_corner_a
D:7:      layout_basic, lemuel_round_altar, grunt_temple_overflow_open,
          serial_shops, nicolae_shop_tiny_statue_garden
D:8:      layout_rooms, uniq_psyche
D:9:      regret_index_early_branch_jog, layout_loops_ring, elyvilon_altar_5
D:10:     layout_cave_pools, trog_ov_bears_minmay, zombieorc2_lemuel,
          minmay_checkerbox
D:11:     layout_roguey, minmay_lair_entry_grove, chequers_avenue,
          nemelex_lonely_heart_becter, uniq_snorg
Temple:   dpeg_chambers_temple

Skill      XL: |  1  2  3  4  5  6  7  8  9 10 11 |
---------------+----------------------------------+-----
Ranged Weapons | 4 5 6 7 9 10 12 14 | 14.0
Invocations    | 3 5 8 |  8.6
Fighting       | 5 |  5.0
Dodging        | 5 |  5.8
Stealth        | |  0.7

Action                     |  1- 3 |  4- 6 |  7- 9 | 10-12 || total
---------------------------+-------+-------+-------+-------++-------
   Fire: Sling             |    84 |   200 |   632 |  1208 ||  2124
 Invoke: Heroism           |       |       |     1 |     7 ||     8
  Evoke: Wand              |       |       |       |    12 ||    12
    Use: Scroll            |       |       |     8 |    10 ||    18
         Potion            |       |       |     3 |    13 ||    16
 Armour: Leather armour    |     5 |    19 |    69 |    29 ||   122
         Skin              |       |       |    27 |    10 ||    37
         Troll leather arm |       |       |       |   173 ||   173
  Dodge: Dodged            |     1 |    17 |    44 |   142 ||   204

Table legend: (Time is in decaauts)
 A = Elapsed time spent in this place.
 B = Non-inter-level travel time spent in this place.
 C = Inter-level travel time spent in this place.
 D = Time resting spent in this place.
 E = Time spent auto-exploring this place.
 F = Levels seen in this place.
 G = Mean time per level.
                   A        B        C        D        E       F      G
               +--------+--------+--------+--------+--------+-----+--------+
         Total |  11046 |  10412 |    634 |    184 |   8168 |  12 |  920.5 |
       Dungeon |  11028 |  10401 |    627 |    184 |   8168 |  11 | 1002.5 |
        Temple |     17 |     10 |      7 |      0 |      0 |   1 |   17.0 |
               +--------+--------+--------+--------+--------+-----+--------+

Top non-repeatable levels by time:
     D:9: 2179 daAuts
     D:3: 1292 daAuts
     D:5: 1272 daAuts
     D:6: 1034 daAuts
     D:8: 909 daAuts
     D:7: 883 daAuts
     D:4: 853 daAuts
     D:1: 818 daAuts
    D:10: 762 daAuts
     D:2: 733 daAuts
    D:11: 288 daAuts
  Temple: 17 daAuts
